 Dungeon Crawl Stone Soup version 0.31-a0-632-g766dd24fdf (console) character file.

Game seed: 16380795316639243334

109011 jejorda2 the Cleaver (level 16, -28/129 HPs)
             Began as a Gnoll Berserker on Aug 25, 2023.
             Was a High Priest of Trog.
             Killed from afar by a shock serpent (29 damage)
             ... with a bolt of electricity
             ... on level 2 of the Lair of Beasts.
             The game lasted 01:24:48 (29103 turns).

jejorda2 the Cleaver (Gnoll Berserker)             Turns: 29103, Time: 01:24:52

Health: -28/129    AC: 30    Str: 26    XL:     16   Next: 51%
Magic:  31/31      EV: 12    Int: 11    God:    Trog [*****.]
Gold:   993        SH:  0    Dex: 13    Spells: 37/37 levels left

rFire   + . .        a - +4 battleaxe (flame)
rCold   . . .        (shield currently unavailable)
rNeg    + . .        S - +3 plate armour {rPois}
rPois   +            K - +2 helmet
rElec   .            C - +2 cloak
rCorr   .            B - +2 pair of gloves
SInv    .            x - +0 pair of boots {Stlth+}
Will    +....        N - amulet of faith
Stlth   +            q - ring "Sippeu" {rN+ Str+4 Int+3}
HPRegen 0.41/turn    W - ring of protection from fire
MPRegen 0.22/turn

%: faith
@: no status effects
A: fangs 1, strong nose, distributed training
a: Renounce Religion, Berserk, Trog's Hand, Brothers in Arms


You were on level 2 of the Lair of Beasts.
You worshipped Trog.
Trog was extremely pleased with you.
You visited 4 branches of the dungeon, and saw 23 of its levels.
You also visited: Gauntlet.

You collected 2296 gold pieces.
You spent 1303 gold pieces at shops.

Inventory:

Hand Weapons
 a - a +4 battleaxe of flaming (weapon)
 Y - the +10 zealot's sword {holy, Zealotry, *Rage rN+ EV+3}
   (You found it on level 14 of the Dungeon)

   Zealotry:  Whenever the wielder enters a berserk rage, their allies are
   berserked alongside them.
   EV+3:      It affects your evasion (+3).
   rN+:       It protects you from negative energy.
   *Rage:     It berserks you when you make melee attacks (+20% chance).
Missiles
 c - 7 javelins
 g - 33 poisoned darts
 s - 4 atropa-tipped darts
 t - 21 boomerangs (quivered)
 D - 4 curare-tipped darts
 E - 4 throwing nets
Armour
 x - a +0 pair of boots of stealth (worn)
 B - a +2 pair of gloves (worn)
 C - a +2 cloak (worn)
 K - a +2 helmet (worn)
 R - +0 storm dragon scales
 S - a +3 plate armour of poison resistance (worn)
Jewellery
 q - the ring "Sippeu" (left hand) {rN+ Str+4 Int+3}
   (You found it on level 12 of the Dungeon)

   [ring of positive energy]

   Str+4:     It affects your strength (+4).
   Int+3:     It affects your intelligence (+3).
   rN+:       It protects you from negative energy.
 r - a +6 ring of strength
 v - the ring "Nelocei" {*Corrode Str+3 Dex+7 SInv}
   (You found it on level 5 of the Dungeon)

   [ring of see invisible]

   Str+3:     It affects your strength (+3).
   Dex+7:     It affects your dexterity (+7).
   SInv:      It lets you see invisible.
   *Corrode:  It may corrode you when you take damage.
 I - a ring of fire
 N - an amulet of faith (around neck)
 Q - a ring of flight
 W - a ring of protection from fire (right hand)
 X - a ring of ice
Wands
 w - a wand of polymorph (12)
 y - a wand of paralysis (24)
 F - a wand of mindburst (12)
 G - a wand of quicksilver (18)
 H - a wand of digging (7)
 L - a wand of flame (14)
 M - a wand of roots (1)
Scrolls
 b - a scroll of immolation
 d - 5 scrolls of revelation
 k - 5 scrolls of fog
 l - 4 scrolls of fear
 n - 2 scrolls of blinking
 p - 2 scrolls of butterflies
 J - 7 scrolls of teleportation
Potions
 f - 3 potions of might
 h - 4 potions of attraction
 j - 7 potions of resistance
 o - 4 potions of mutation
 z - 5 potions of heal wounds
 A - 3 potions of curing
 U - a potion of haste
 Z - a potion of enlightenment
Miscellaneous
 i - a tin of tremorstones (2/2)
 m - a lightning rod (4/4)
 T - a sack of spiders (inert)
 V - a phial of floods (inert)


   Skills:
 + Level 12.8 Fighting
 + Level 11.1 Short Blades
 + Level 11.1 Long Blades
 + Level 12.8 Axes
 + Level 11.1 Maces & Flails
 + Level 11.1 Polearms
 + Level 11.1 Staves
 + Level 11.1 Ranged Weapons
 + Level 11.1 Throwing
 + Level 12.0 Armour
 + Level 12.0 Dodging
 + Level 11.1 Stealth
 + Level 11.1 Shields
 + Level 11.1 Unarmed Combat
 + Level 11.1 Spellcasting
 + Level 9.4 Conjurations
 + Level 9.4 Hexes
 + Level 9.4 Summonings
 + Level 9.4 Necromancy
 + Level 9.4 Translocations
 + Level 9.4 Transmutations
 + Level 9.4 Fire Magic
 + Level 9.4 Ice Magic
 + Level 9.4 Air Magic
 + Level 9.4 Earth Magic
 + Level 9.4 Poison Magic
 + Level 12.1 Invocations
 + Level 11.1 Evocations
 + Level 10.2 Shapeshifting


You had 37 spell levels left.
You didn't know any spells.
Your spell library was empty.

Dungeon Overview and Level Annotations

Branches:
Dungeon (15/15)            Temple (0/1) D:4            Lair (5/5) D:11
 Shoals (0/4) Lair:3        Snake (1/4) Lair:2        Slime (0/5) Lair:5
    Orc (2/2) D:10            Elf (0/3) Orc:2        Vaults (0/5) D:14
 Depths (0/4) D:15        Gauntlet (visited)

Altars:
Ashenzari
Dithmenos
Gozag
Hepliaklqana
Kikubaaqudgha
Makhleb
Nemelex Xobeh
Okawaru
Sif Muna
Uskayaw
Vehumet
Yredelemnul
Zin
Jiyva

Shops:
D:3 ?   D:4 :   D:6 *   D:7 *   D:9 (   D:11 *   D:13 =   D:15 *   Orc:2 [=!!

Portals:
Trove: D:15 (give rapier "Wijat")


Innate Abilities, Weirdness & Mutations

You have very sharp teeth.
Your uncanny sense of smell can sniff out nearby items.
Your experience applies equally to all skills.


Message History

The shock serpent bites you but does no damage.
You closely miss the shock serpent. Your bite misses the shock serpent.
The shock serpent is heavily wounded.
The shock serpent barely misses you.
The shock serpent bites you but does no damage.
You miss the shock serpent.
The shock serpent is heavily wounded.
The shock serpent bites you but does no damage.
You closely miss the shock serpent.
The shock serpent is heavily wounded.
The shock serpent misses you.
The shock serpent bites you but does no damage.
You hit the shock serpent. You burn the shock serpent.
The shock serpent is severely wounded.
The shock serpent's electric aura discharges, shocking you!
The shock serpent bites you! The shock serpent shocks you!
* * * LOW HITPOINT WARNING * * *
You closely miss the shock serpent. Your bite misses the shock serpent.
The shock serpent is severely wounded.
The shock serpent misses you. The shock serpent bites you!
* * * LOW HITPOINT WARNING * * *
The shock serpent shocks you!
* * * LOW HITPOINT WARNING * * *
You barely miss the shock serpent.
The shock serpent is severely wounded.
The shock serpent bites you but does no damage.
You slash the shock serpent! You burn the shock serpent.
Your bite misses the shock serpent.
The shock serpent is almost dead.
The shock serpent's electric aura discharges, shocking you!
* * * LOW HITPOINT WARNING * * *
The shock serpent bites you but does no damage. x2
You miss the shock serpent.
The shock serpent is almost dead.
The shock serpent shoots out a bolt of lightning at you!
The bolt of electricity hits you!
* * * LOW HITPOINT WARNING * * *
The shock serpent shoots out a bolt of lightning at you!
The bolt of electricity hits you!!
You die...

...# ##...####.P.........###...
..## #..[# ###..........##....
..# #.).###~##.........##.... ..#
#.....~~~~~........###... ..#
##....~~~~~~~..)....# #... ..#
#....~~~.~.~~~.....<# #..† ..#
#P.P~~~.....~~~.....# #... ..#
#...~~~~..~..~~.....# #... ..##
##..~~~..@.~.~~.....###... ..P#
#..~~P..S~..~~......#.... ..####
#..~~~.....~~~......##...
..#..####...~~~...~~~......###...
.............~~~~~~~..##....##.†.
).............~~~~~..###...###...
......................#.....##...
...##P#P....#.###.....##...##....
...#####.....## ##...P##...#P....


You could see a shock serpent.

Vanquished Creatures
  Rupert (Orc:2)
  A storm dragon (D:12)
  A shadow dragon (D:12)
  The ghost of Gosuecur the Bludgeoner, a journeyman MiFi of Okawaru (Orc:1)
  A fire giant (D:15)
  The ghost of Daonol the Brawler, a journeyman TrBe of Trog (Orc:1)
  The ghost of Keenk the Black Belt, a journeyman OpSh of Gozag (Orc:1)
  The ghost of Fyreb the Severer, a journeyman MiBe of Trog (Orc:1)
  5 dire elephants (Lair:5)
  A minotaur (Gauntlet)
  Snorg (Lair:3)
  A green death (Gauntlet)
  A fire dragon (D:12)
  The ghost of SirDiesAlot the Mimic, a journeyman OpSh of Sif Muna (Orc:1)
  Harold (D:11)
  5 vault guards (D:14)
  Josephine (D:14)
  6 ogre magi
  4 hydras
  2 catoblepae
  2 anacondas (Snake:1)
  3 boulder beetles
  4 centaur warriors
  2 tengu warriors
  7 two-headed ogres
  3 death yaks (Lair:5)
  An orc high priest (Orc:1)
  A death drake (Gauntlet)
  A spectral death yak (Lair:5)
  Amaemon (D:10)
  A spectral anaconda (Lair:5)
  An obsidian statue (Lair:5)
  A spectral wolf spider (Gauntlet)
  3 orc knights
  3 necromancers (Lair:5)
  A deep elf pyromancer (D:15)
  5 cyclopes
  6 manticores
  2 large abominations (Gauntlet)
  3 ugly things
  A deep elf zephyrmancer (D:12)
  12 orc sorcerers
  An oklob plant (D:11)
  A spectral centaur (Gauntlet)
  A centaur zombie (Gauntlet)
  5 elephants (Lair:5)
  A merfolk siren (Lair:3)
  2 black mambas
  A dire elephant zombie (Lair:5)
  3 orange demons
  Psyche (D:11)
  4 gargoyles
  13 cane toads
  An efreet (D:12)
  3 kobold demonologists
  2 unseen horrors
  A dire elephant skeleton (Lair:5)
  4 yaktaurs
  6 komodo dragons
  2 rime drakes (Lair:4)
  2 guardian mummies (D:15)
  A tengu conjurer (D:14)
  9 trolls
  3 polar bears
  A hornet (D:11)
  A hornet (shapeshifter) (D:12)
  A spectral elephant (Lair:5)
  5 dream sheep (Lair:3)
  22 blink frogs
  Sigmund (D:2)
  A centaur simulacrum (D:15)
  6 slime creatures
  7 spriggans (D:8)
  11 wraiths
  A dire elephant simulacrum (Lair:5)
  8 basilisks
  4 wyverns
  67 yaks
  A hog (shapeshifter) (D:12)
  A steam dragon (D:9)
  A spectral cane toad (Lair:5)
  10 vampire mosquitoes
  3 wargs
  3 acid dragons (D:9)
  8 water moccasins
  3 nagas (Lair:2)
  2 black bears
  A sky beast (D:8)
  2 ice beasts
  21 orc warriors
  4 small abominations (Gauntlet)
  8 ogres
  5 wolves (Lair:1)
  6 centaurs
  An elephant skeleton (Lair:5)
  3 kobold brigands
  3 gnoll sergeants
  2 scorpions (D:4)
  14 bullfrogs
  3 cane toad simulacra (Lair:5)
  21 wights
  An elephant simulacrum (Lair:5)
  6 howler monkeys
  3 vampire bats (D:3)
  2 hounds
  25 orc priests
  3 sleepcaps
  Crazy Yiuf (D:7)
  Terence (D:2)
  40 orc wizards
  Robin (D:2)
  4 adders
  27 gnolls
  3 white imps
  An ufetubus (D:5)
  3 worms
  87 orcs
  6 ball pythons
  8 bats
  3 bat skeletons (D:3)
  2 bat zombies (D:3)
  6 endoplasms
  20 goblins
  4 hobgoblins (D:2)
  8 jackals
  20 kobolds
  4 quokkas
  9 rats
728 creatures vanquished.

Vanquished Creatures (collateral kills)
  3 yaks (D:9)
3 creatures vanquished.

Vanquished Creatures (others)
  An ogre mage (D:12)
  An elephant zombie (Lair:5)
  A centaur (D:15)
  A killer bee (D:8)
  An orc priest (D:12)
  An orc wizard (Orc:2)
6 creatures vanquished.

Grand Total: 737 creatures vanquished

Notes
Turn   | Place    | Note
-------+----------+-------------------------------------------
     0 | D:1      | jejorda2 the Gnoll Berserker began the quest for the Orb.
     0 | D:1      | Reached XP level 1. HP: 23/23 MP: 1/1
   217 | D:1      | Reached XP level 2. HP: 23/29 MP: 2/2
   445 | D:1      | Reached XP level 3. HP: 34/35 MP: 3/3
   501 | D:1      | Reached ** piety under Trog
   993 | D:2      | Noticed Sigmund
  1005 | D:2      | Killed Sigmund
  1006 | D:2      | Reached skill level 1 in Short Blades
  1006 | D:2      | Reached skill level 1 in Long Blades
  1006 | D:2      | Reached skill level 1 in Maces & Flails
  1006 | D:2      | Reached skill level 1 in Polearms
  1006 | D:2      | Reached skill level 1 in Staves
  1006 | D:2      | Reached skill level 1 in Ranged Weapons
  1006 | D:2      | Reached skill level 1 in Throwing
  1006 | D:2      | Reached skill level 1 in Stealth
  1006 | D:2      | Reached skill level 1 in Shields
  1006 | D:2      | Reached skill level 1 in Unarmed Combat
  1006 | D:2      | Reached skill level 1 in Spellcasting
  1006 | D:2      | Reached skill level 1 in Conjurations
  1006 | D:2      | Reached skill level 1 in Hexes
  1006 | D:2      | Reached skill level 1 in Summonings
  1006 | D:2      | Reached skill level 1 in Necromancy
  1006 | D:2      | Reached skill level 1 in Translocations
  1006 | D:2      | Reached skill level 1 in Transmutations
  1006 | D:2      | Reached skill level 1 in Fire Magic
  1006 | D:2      | Reached skill level 1 in Ice Magic
  1006 | D:2      | Reached skill level 1 in Air Magic
  1006 | D:2      | Reached skill level 1 in Earth Magic
  1006 | D:2      | Reached skill level 1 in Poison Magic
  1006 | D:2      | Reached skill level 1 in Invocations
  1006 | D:2      | Reached skill level 1 in Evocations
  1006 | D:2      | Reached skill level 1 in Shapeshifting
  1006 | D:2      | Reached XP level 4. HP: 41/41 MP: 4/6
  1006 | D:2      | Reached XP level 5. HP: 47/47 MP: 4/7
  1074 | D:2      | Noticed Robin
  1120 | D:2      | Reached XP level 6. HP: 53/53 MP: 8/8
  1488 | D:2      | Noticed Terence
  1498 | D:2      | Killed Terence
  1528 | D:2      | Reached skill level 5 in Armour
  1528 | D:2      | Reached skill level 5 in Dodging
  1537 | D:2      | Killed Robin
  1999 | D:3      | Found an ancient bone altar of Kikubaaqudgha.
  2010 | D:3      | Reached XP level 7. HP: 59/59 MP: 10/10
  2212 | D:3      | Found a basalt altar of Yredelemnul.
  2391 | D:3      | Found Etuad's Magic Scroll Shop.
  2395 | D:3      | Bought a scroll of teleportation for 33 gold pieces
  2395 | D:3      | Bought a scroll of identify for 22 gold pieces
  2453 | D:3      | Found a burning altar of Makhleb.
  2459 | D:3      | Noticed a blizzard demon
  2461 | D:3      | Reached *** piety under Trog
  2466 | D:3      | Found a glowing silver altar of Zin.
  2466 | D:3      | Noticed an angel
  3135 | D:4      | Found a staircase to the Ecumenical Temple.
  3153 | D:4      | Found Lack's Book Shop.
  3172 | D:4      | Found a shadowy altar of Dithmenos.
  3230 | D:4      | Identified the +2 leather armour of Motugiwe {rCorr Str+3
                  | Slay+5}
  3367 | D:5      | Entered Level 5 of the Dungeon
  3456 | D:5      | Identified the ring "Nelocei" {*Corrode Str+3 Dex+7 SInv}
  3481 | D:5      | Found a shimmering blue altar of Sif Muna.
  3635 | D:5      | Reached XP level 8. HP: 46/67 MP: 12/12
  3738 | D:5      | Found a hide-covered altar of Uskayaw.
  3771 | D:5      | Found a radiant altar of Vehumet.
  4551 | D:3      | Bought a scroll of revelation for 82 gold pieces
  4551 | D:3      | Bought a scroll of fog for 44 gold pieces
  4747 | D:6      | Found Qeklaczu's Neck Hole.
  4802 | D:6      | Reached **** piety under Trog
  5453 | D:7      | Noticed an unseen horror
  5460 | D:7      | Killed an unseen horror
  5461 | D:7      | Reached XP level 9. HP: 62/74 MP: 13/15
  5686 | D:7      | Found Juch's Mass Market.
  5701 | D:7      | You fall into a shaft and drop 2 floors!
  5834 | D:9      | Found a hazy altar of Hepliaklqana.
  5834 | D:9      | Noticed a kobold demonologist
  5851 | D:9      | Killed a kobold demonologist
  5852 | D:9      | Reached skill level 5 in Invocations
  5887 | D:9      | Found an iron altar of Okawaru.
  6064 | D:9      | Reached XP level 10. HP: 58/80 MP: 17/17
  6130 | D:9      | Found Roiziedwo's Weapon Shoppe.
  6156 | D:9      | Reached skill level 5 in Short Blades
  6156 | D:9      | Reached skill level 5 in Long Blades
  6156 | D:9      | Reached skill level 5 in Maces & Flails
  6156 | D:9      | Reached skill level 5 in Polearms
  6156 | D:9      | Reached skill level 5 in Staves
  6156 | D:9      | Reached skill level 5 in Ranged Weapons
  6156 | D:9      | Reached skill level 5 in Throwing
  6156 | D:9      | Reached skill level 5 in Stealth
  6156 | D:9      | Reached skill level 5 in Shields
  6156 | D:9      | Reached skill level 5 in Unarmed Combat
  6156 | D:9      | Reached skill level 5 in Spellcasting
  6156 | D:9      | Reached skill level 5 in Evocations
  7521 | D:7      | Found a runed translucent door.
  7522 | D:7      | Noticed Crazy Yiuf
  7620 | D:7      | Reached skill level 5 in Shapeshifting
  7851 | D:7      | Found an opulent altar of Gozag.
  7964 | D:7      | Killed Crazy Yiuf
  8037 | D:10     | Entered Level 10 of the Dungeon
  8037 | D:10     | Noticed Amaemon
  8037 | D:10     | Noticed an orange demon
  8042 | D:10     | Killed an orange demon
  8044 | D:10     | Killed Amaemon
  8439 | D:8      | Upgraded the game from 0.31-a0-631-g285b096dc4 to
                  | 0.31-a0-632-g766dd24fdf
  8693 | D:10     | Reached XP level 11. HP: 86/87 MP: 19/19
  8701 | D:10     | Found a staircase to the Orcish Mines.
  8712 | D:10     | Reached skill level 5 in Conjurations
  8712 | D:10     | Reached skill level 5 in Hexes
  8712 | D:10     | Reached skill level 5 in Summonings
  8712 | D:10     | Reached skill level 5 in Necromancy
  8712 | D:10     | Reached skill level 5 in Translocations
  8712 | D:10     | Reached skill level 5 in Transmutations
  8712 | D:10     | Reached skill level 5 in Fire Magic
  8712 | D:10     | Reached skill level 5 in Ice Magic
  8712 | D:10     | Reached skill level 5 in Air Magic
  8712 | D:10     | Reached skill level 5 in Earth Magic
  8712 | D:10     | Reached skill level 5 in Poison Magic
  9364 | D:10     | Noticed a two-headed ogre
  9373 | D:10     | Killed a two-headed ogre
  9860 | D:11     | Noticed an oklob plant
  9934 | D:11     | Found a staircase to the Lair.
  9967 | D:11     | Killed an oklob plant
 10153 | D:11     | Reached ***** piety under Trog
 10422 | D:11     | Found Ohaov's General Store.
 10429 | D:11     | Noticed a manticore
 10491 | D:11     | Noticed Harold
 10500 | D:11     | Killed Harold
 10501 | D:11     | Reached XP level 12. HP: 94/97 MP: 22/22
 10817 | D:11     | Noticed Psyche
 10817 | D:11     | Noticed a boulder beetle
 10832 | D:11     | Killed Psyche
 10834 | D:11     | Killed a boulder beetle
 11423 | D:6      | Bought an amulet of faith for 560 gold pieces
 11545 | D:8      | Found a broken altar of Ashenzari.
 11545 | D:8      | Found a sparkling altar of Nemelex Xobeh.
 11957 | Lair:1   | Entered Level 1 of the Lair of Beasts
 11995 | Lair:1   | Reached skill level 10 in Fighting
 11995 | Lair:1   | Reached skill level 10 in Axes
 12542 | Lair:1   | Found a shimmering blue altar of Sif Muna.
 13207 | Lair:2   | Found a staircase to the Snake Pit.
 13251 | Lair:2   | Reached XP level 13. HP: 93/104 MP: 23/25
 13494 | Lair:2   | Received a gift from Trog
 14368 | Lair:3   | Found a broken altar of Ashenzari.
 14416 | Lair:3   | Found a staircase to the Shoals.
 14549 | Lair:3   | Noticed Snorg
 14563 | Lair:3   | Killed Snorg
 16402 | Lair:5   | Entered Level 5 of the Lair of Beasts
 16415 | Lair:5   | Reached skill level 10 in Armour
 16415 | Lair:5   | Reached skill level 10 in Dodging
 16563 | Lair:5   | Reached XP level 14. HP: 38/113 MP: 26/26
 16905 | Lair:5   | Noticed a dire elephant
 16905 | Lair:5   | Noticed a dire elephant
 16905 | Lair:5   | Noticed a dire elephant
 16905 | Lair:5   | Noticed a dire elephant
 16913 | Lair:5   | Killed a dire elephant
 17117 | Lair:5   | Reached skill level 10 in Invocations
 17249 | Lair:5   | Found a viscous altar of Jiyva.
 17249 | Lair:5   | Found a staircase to the Slime Pits.
 17646 | Lair:5   | Received a gift from Trog
 17755 | Lair:5   | Noticed a dire elephant
 17813 | Lair:5   | Killed a dire elephant
 17936 | Lair:5   | Killed a dire elephant
 17942 | Lair:5   | Killed a dire elephant
 18066 | Lair:5   | Killed a dire elephant
 19340 | D:12     | Identified the ring "Sippeu" {rN+ Str+4 Int+3}
 19341 | D:12     | Noticed a storm dragon
 19342 | D:12     | Identified the +4 scale mail "Ezxoll" {rPois}
 19593 | D:12     | Reached XP level 15. HP: 97/120 MP: 28/28
 20075 | D:12     | Killed a storm dragon
 20076 | D:12     | Reached skill level 10 in Short Blades
 20076 | D:12     | Reached skill level 10 in Long Blades
 20076 | D:12     | Reached skill level 10 in Maces & Flails
 20076 | D:12     | Reached skill level 10 in Polearms
 20076 | D:12     | Reached skill level 10 in Staves
 20076 | D:12     | Reached skill level 10 in Ranged Weapons
 20076 | D:12     | Reached skill level 10 in Throwing
 20076 | D:12     | Reached skill level 10 in Stealth
 20076 | D:12     | Reached skill level 10 in Shields
 20076 | D:12     | Reached skill level 10 in Unarmed Combat
 20076 | D:12     | Reached skill level 10 in Spellcasting
 20076 | D:12     | Reached skill level 10 in Evocations
 20618 | D:12     | Noticed a shadow dragon
 20641 | D:12     | Killed a shadow dragon
 21365 | D:13     | Found Ceguloetzo's Jewellery Shop.
 21391 | D:13     | Found a gate leading to a gauntlet.
 21399 | Gauntlet | Entered a Gauntlet
 21399 | Gauntlet | Found a transporter.
 21399 | Gauntlet | Found a transporter.
 21403 | Gauntlet | Found a transporter.
 21403 | Gauntlet | Found a transporter.
 21415 | Gauntlet | Found a transporter.
 21424 | Gauntlet | Found a transporter.
 21434 | Gauntlet | Found a transporter.
 21434 | Gauntlet | Found a transporter.
 21435 | Gauntlet | Found the +2 cloak of the Thief {*Fog Slay-2 SInv Stlth+}
 21458 | Gauntlet | Found a transporter.
 21467 | Gauntlet | Found a transporter.
 21481 | Gauntlet | Found a transporter.
 21499 | Gauntlet | Found a transporter.
 21545 | Gauntlet | Found a transporter.
 21561 | Gauntlet | Found a transporter.
 21659 | Gauntlet | Found a transporter.
 21674 | Gauntlet | Found a transporter.
 21773 | Gauntlet | Found a transporter.
 21775 | Gauntlet | Found a transporter.
 21789 | Gauntlet | Found a transporter.
 21869 | Gauntlet | Found a transporter.
 21869 | Gauntlet | Found a transporter.
 21882 | Gauntlet | Found a transporter.
 22175 | Gauntlet | Found a transporter.
 22176 | Gauntlet | Found a transporter.
 22184 | Gauntlet | Found a transporter.
 22198 | Gauntlet | Found a transporter.
 23204 | D:14     | Received a gift from Trog
 23312 | D:14     | Found a gate to the Vaults.
 23713 | D:14     | Noticed Josephine
 23724 | D:14     | Killed Josephine
 24077 | D:14     | Found the +10 zealot's sword {holy, Zealotry, *Rage rN+
                  | EV+3}
 24399 | D:15     | Entered Level 15 of the Dungeon
 24632 | D:15     | Identified the +0 ring mail of Sif Muna's Inspiration {rN++
                  | Will+}
 24643 | D:15     | Found a staircase to the Depths.
 24644 | D:15     | Noticed a fire giant
 24913 | D:15     | Found Cafipp's Pet Rocks.
 24930 | D:15     | Bought a tin of tremorstones (2/2) for 520 gold pieces
 25108 | D:15     | Found a portal to a secret trove of treasure.
 25217 | D:15     | Killed a fire giant
 25417 | D:15     | Reached XP level 16. HP: 129/129 MP: 30/30
 25901 | Orc:1    | Entered Level 1 of the Orcish Mines
 26000 | Orc:1    | Paralysed by an orc sorcerer for 3 turns
 26420 | Orc:1    | Found a runed translucent gate.
 26420 | Orc:1    | Found a runed translucent gate.
 26421 | Orc:1    | Found a runed translucent gate.
 26421 | Orc:1    | Noticed SirDiesAlot's ghost (journeyman OpSh)
 26421 | Orc:1    | Noticed Keenk's ghost (journeyman OpSh)
 26450 | Orc:1    | Noticed Daonol's ghost (journeyman TrBe)
 26452 | Orc:1    | Noticed Fyreb's ghost (journeyman MiBe)
 26453 | Orc:1    | Noticed Gosuecur's ghost (journeyman MiFi)
 26600 | Orc:1    | Killed SirDiesAlot's ghost
 26605 | Orc:1    | Killed Keenk's ghost
 26611 | Orc:1    | Killed Daonol's ghost
 26612 | Orc:1    | Reached skill level 10 in Shapeshifting
 26619 | Orc:1    | Killed Fyreb's ghost
 26640 | Orc:1    | Killed Gosuecur's ghost
 26932 | Orc:2    | Entered Level 2 of the Orcish Mines
 27171 | Orc:2    | Found a staircase to the Elven Halls.
 27574 | Orc:2    | Noticed Rupert
 27575 | Orc:2    | Paralysed by Rupert for 3 turns
 28269 | Orc:2    | Killed Rupert
 28486 | Orc:2    | Found Foegidgh's Antique Armour Shoppe.
 28509 | Orc:2    | Found an ancient bone altar of Kikubaaqudgha.
 28524 | Orc:2    | Found Marowk's Distillery.
 28550 | Orc:2    | Found a radiant altar of Vehumet.
 28560 | Orc:2    | Bought a potion of curing for 42 gold pieces
 28633 | Orc:2    | Received a gift from Trog
 28635 | Orc:2    | Found Anicaeh's Distillery.
 28651 | Orc:2    | Found Sijet's Jewellery Emporium.
 28922 | Snake:1  | Entered Level 1 of the Snake Pit
 29103 | Lair:2   | HP: 1/129 [shock serpent/bolt of electricity (8)]
 29103 | Lair:2   | Killed from afar by a shock serpent

Illustrated notes

Levels and vault maps discovered:
D:1:      evilmike_arrival_hilbert_curve, layout_loops_cross,
          chequers_big_river, minmay_close_crescents
D:2:      layout_loops_cross, columned_hall_lemuel, uniq_terence, uniq_robin,
          uniq_sigmund
D:3:      layout_basic, grunt_temple_overflow_order_and_chaos_2,
          kennysheep_vampire_church, mainiacjoe_overflow_surrounded_room,
          serial_shops, shop, minmay_misc_feat_encased, kennysheep_nub,
          minmay_cut_off
D:4:      layout_rooms, grunt_dithmenos_smoke,
          minmay_temple_entry_statues_fountains, serial_shops, shop_statue
D:5:      layout_basic, nicolae_vehumet_radiance, lemuel_blue_sif_altar,
          kennysheep_mini
D:6:      layout_gridville, chequers_serial_rivers_room_a,
          nicolae_shop_sticking_my_neck_out
D:7:      layout_gridville, nicolae_gozag_cash_rules_everything_around_me,
          minmay_shop_mass, uniq_crazy_yiuf_cottage
D:8:      kb_forest_paths, layout_cave_pools, gammafunk_temple_overflow_wave
D:9:      layout_basic, jmf_multi_god_temple, serial_shops,
          nicolae_shop_hallway_plus
D:10:     layout_irregular_city, david_orc_5, reono_crystal_passage,
          uniq_amaemon
D:11:     layout_basic, dpeg_oklobed_lair, serial_shops, kennysheep_little_box,
          nicolae_elevator_lobby_plus, uniq_harold, uniq_psyche
D:12:     minmay_bad_star, layout_loops_corners,
          minmay_the_grid_square_5x5_3x3_mashed
          [minmay_the_grid_square_5x5_checkered,
          minmay_the_grid_square_5x5_two_walls_a,
          minmay_the_grid_square_5x5_shrine2, minmay_the_grid_square_5x5_comb,
          minmay_the_grid_square_5x5_megaprize_diamond,
          minmay_the_grid_square_5x5_minimal,
          minmay_the_grid_square_5x5_tetrominoes,
          minmay_the_grid_square_5x5_three_walls,
          minmay_the_grid_square_5x5_shrine1]
D:13:     layout_rooms, serial_shops, nicolae_shop_pleasant_corner_grove,
          gauntlet_entry_generic
D:14:     layout_irregular_city, grunt_vaults_entry_fortified,
          serial_bayou_shore_b, serial_column_ruins, column_ruins_columns_T,
          column_ruins_open_small_water, column_ruins_columns_straight,
          column_ruins_corridor_straight, column_ruins_open_tiny, uniq_josephine
D:15:     grunt_enter_depths_giant_problem, layout_irregular_city,
          minmay_misc_feat_tiny, nicolae_trove_entry_path_of_doom,
          grunt_ministairs_10, guppyfry_shop_earth
Lair:1:   layout_regular_city, basic_altar, grunt_megastairs_1
Lair:2:   layout_long_grid, guppyfry_snake_entry_island, lemuel_fruit_tree
Lair:3:   layout_chaotic_city, minmay_shoals_entry_lonely_mermaid, basic_altar,
          serial_bayou_shore_a, uniq_snorg
Lair:4:   layout_cave_pods, pdpol_lair_neglected_garden, grunt_megastairs_3
Lair:5:   due_jungle_book, layout_misc_corridors, dpeg_slime_entry_enclosed,
          lemuel_fruit_fields
Snake:1:  layout_onion_interference, grunt_megastairs_2
Orc:1:    layout_caves, gammafunk_ghost_cemetery
Orc:2:    kennysheep_orc_mage_school, layout_caves, abandoned_shop, uniq_rupert

Skill      XL: |  1  2  3  4  5  6  7  8  9 10 11 12 13 14 15 16 |
---------------+-------------------------------------------------+-----
Short Blades   | 1 2 3 4 5 7 8 9 10 11 | 11.1
Long Blades    | 1 2 3 4 5 7 8 9 10 11 | 11.1
Maces & Flails | 1 2 3 4 5 7 8 9 10 11 | 11.1
Polearms       | 1 2 3 4 5 7 8 9 10 11 | 11.1
Staves         | 1 2 3 4 5 7 8 9 10 11 | 11.1
Ranged Weapons | 1 2 3 4 5 7 8 9 10 11 | 11.1
Throwing       | 1 2 3 4 5 7 8 9 10 11 | 11.1
Stealth        | 1 2 3 4 5 7 8 9 10 11 | 11.1
Shields        | 1 2 3 4 5 7 8 9 10 11 | 11.1
Unarmed Combat | 1 2 3 4 5 7 8 9 10 11 | 11.1
Spellcasting   | 1 2 3 4 5 7 8 9 10 11 | 11.1
Conjurations   | 1 2 3 4 5 6 7 8 9 |  9.4
Hexes          | 1 2 3 4 5 6 7 8 9 |  9.4
Summonings     | 1 2 3 4 5 6 7 8 9 |  9.4
Necromancy     | 1 2 3 4 5 6 7 8 9 |  9.4
Translocations | 1 2 3 4 5 6 7 8 9 |  9.4
Transmutations | 1 2 3 4 5 6 7 8 9 |  9.4
Fire Magic     | 1 2 3 4 5 6 7 8 9 |  9.4
Ice Magic      | 1 2 3 4 5 6 7 8 9 |  9.4
Air Magic      | 1 2 3 4 5 6 7 8 9 |  9.4
Earth Magic    | 1 2 3 4 5 6 7 8 9 |  9.4
Poison Magic   | 1 2 3 4 5 6 7 8 9 |  9.4
Invocations    | 1 2 3 4 5 6 7 8 9 10 11 12 | 12.1
Evocations     | 1 2 3 4 5 7 8 9 10 11 | 11.1
Shapeshifting  | 1 2 3 4 5 6 7 8 9 10 | 10.2
Armour         | 5 6 7 8 9 10 11 12 | 12.0
Dodging        | 5 6 7 8 9 10 11 12 | 12.0
Fighting       | 7 8 9 10 11 12 | 12.8
Axes           | 7 8 9 10 11 12 | 12.8

Action                     |  1- 3 |  4- 6 |  7- 9 | 10-12 | 13-15 | 16-18 || total
---------------------------+-------+-------+-------+-------+-------+-------++-------
  Melee: Hand axe          |    80 |   130 |   373 |       |       |       ||   583
         Bite              |     4 |    16 |    53 |    77 |    99 |    42 ||   291
         Punch             |     1 |     2 |    13 |    14 |       |     2 ||    32
         War axe           |       |       |    27 |   574 |    55 |       ||   656
         Battleaxe         |       |       |       |       |   721 |   279 ||  1000
         Eudemon blade     |       |       |       |       |       |    40 ||    40
  Throw: Dart              |       |       |       |    12 |    40 |     9 ||    61
         Throwing net      |       |       |       |     2 |       |       ||     2
         Boomerang         |       |       |       |       |    12 |     5 ||    17
 Invoke: Berserk           |     1 |     3 |     9 |    14 |    30 |     7 ||    64
         Trog's Hand       |     1 |       |     3 |     6 |    15 |     9 ||    34
         Brothers in Arms  |       |       |       |     1 |     1 |     1 ||     3
  Evoke: Phial of floods   |       |       |       |       |       |     1 ||     1
    Use: Scroll            |       |       |    16 |     7 |     9 |     1 ||    33
         Potion            |       |       |     1 |       |       |     8 ||     9
   Stab: Invisible         |       |       |       |     1 |       |     2 ||     3
         Petrified         |       |       |       |       |     1 |       ||     1
 Armour: Animal skin       |     3 |       |       |       |       |       ||     3
         Scale mail        |    35 |       |       |       |    63 |       ||    98
         Chain mail        |     2 |    89 |   241 |   263 |   288 |       ||   883
         Plate armour      |       |       |       |       |   256 |   225 ||   481
  Dodge: Dodged            |    44 |    62 |   183 |   231 |   551 |   178 ||  1249
  Block: Other             |       |       |    14 |    78 |       |       ||    92
         Reflection        |       |       |     1 |     5 |       |       ||     6
         Buckler           |       |       |       |    44 |    19 |       ||    63

Table legend: (Time is in decaauts)
 A = Elapsed time spent in this place.
 B = Non-inter-level travel time spent in this place.
 C = Inter-level travel time spent in this place.
 D = Time resting spent in this place.
 E = Time spent auto-exploring this place.
 F = Levels seen in this place.
 G = Mean time per level.
                   A        B        C        D        E       F      G
               +--------+--------+--------+--------+--------+-----+--------+
         Total |  29798 |  27764 |   2034 |   4179 |  18077 |  24 | 1241.6 |
       Dungeon |  18991 |  17390 |   1601 |   2677 |  11250 |  15 | 1266.1 |
          Lair |   6891 |   6604 |    287 |    773 |   4652 |   5 | 1378.2 |
     Snake Pit |     82 |     82 |      0 |      0 |     56 |   1 |   82.0 |
  Orcish Mines |   2640 |   2495 |    145 |    233 |   1710 |   2 | 1320.0 |
      Gauntlet |   1192 |   1192 |      0 |    494 |    408 |   1 | 1192.0 |
               +--------+--------+--------+--------+--------+-----+--------+

Top non-repeatable levels by time:
    D:12: 2218 daAuts
    D:11: 2124 daAuts
  Lair:5: 2017 daAuts
     D:9: 1745 daAuts
    D:10: 1658 daAuts
  Lair:4: 1439 daAuts
    D:14: 1420 daAuts
    D:15: 1383 daAuts
   Orc:1: 1373 daAuts
     D:5: 1324 daAuts
   Orc:2: 1267 daAuts
  Lair:3: 1239 daAuts
  Lair:1: 1193 daAuts
Gauntlet: 1192 daAuts
     D:8: 1191 daAuts
